 Dungeon Crawl Stone Soup version 0.31-a0-150-g89dc3ad700 (webtiles) character file.

Game seed: 11212347768661999351

130 qw the Shooter (level 4, -3/40 HPs)
             Began as a Minotaur Hunter on June 8, 2023.
             Slain by a river rat (7 damage)
             ... on level 3 of the Dungeon.
             The game lasted 00:00:39 (1671 turns).

qw the Shooter (Minotaur Hunter)                    Turns: 1671, Time: 00:00:40

Health: -3/40      AC:  5    Str: 15    XL:     4   Next: 89%
Magic:  3/3        EV: 11    Int:  6    God:
Gold:   160        SH:  0    Dex: 16    Spells: 3/3 levels left

rFire   . . .        Y - +0 shortbow
rCold   . . .        (shield currently unavailable)
rNeg    . . .        b - +0 ring mail
rPois   .            (helmet restricted)
rElec   .            (no cloak)
rCorr   .            (no gloves)
SInv    .            (no boots)
Will    .....        (no amulet)
Stlth   +            (no ring)
HPRegen 0.26/turn    (no ring)
MPRegen 0.08/turn

%: no passive effects
@: no status effects
A: horns 2, retaliatory headbutt
a: no special abilities


You were on level 3 of the Dungeon.
You visited 1 branch of the dungeon, and saw 3 of its levels.

You collected 160 gold pieces.


Innate Abilities, Weirdness & Mutations

You have a pair of horns on your head.
You reflexively headbutt those who attack you in melee.


   Skills:
 + Level 3.8 Fighting
 - Level 6.0 Ranged Weapons
 - Level 1.8 Armour
 - Level 2.1 Dodging
 - Level 0.7 Stealth


You had 3 spell levels left.
You didn't know any spells.
Your spell library was empty.

Inventory:

Hand Weapons
 Y - a +0 shortbow (weapon)
Armour
 b - a +0 ring mail (worn)
 c - the +2 leather armour of Hide-and-Seek {Fly Regen+ MP-9 SInv}
   (You found it on level 3 of the Dungeon)

   MP:        It affects your magic capacity (-9).
   SInv:      It lets you see invisible.
   Fly:       It grants you flight.
   Regen:     It increases your rate of health regeneration.
 f - a +0 cloak
 h - the +2 robe of the Locust {rPois Regen+}
   (You found it on level 3 of the Dungeon)

   rPois:     It protects you from poison.
   Regen:     It increases your rate of health regeneration.
Scrolls
 i - 3 scrolls of identify
 j - a scroll of immolation {unknown}
Potions
 a - a potion of degeneration {unknown}
 d - a potion of ambrosia {unknown}
 e - a potion of curing {unknown}
 g - a potion of heal wounds {unknown}

Dungeon Overview and Level Annotations

Branches:
Dungeon (3/15)

Altars:
Gozag

Annotations:
D:2 1 runed translucent door, Crazy Yiuf


Message History

The river rat is lightly wounded.
You shoot an arrow. The arrow barely misses the river rat.
You shoot an arrow. The arrow barely misses the river rat.
The river rat bites you.
You shoot an arrow. The arrow closely misses the river rat.
The river rat bites you!
You shoot an arrow. The arrow closely misses the river rat.
You shoot an arrow.
The arrow hits the river rat but does no damage.
The river rat is lightly wounded.
The river rat bites you but does no damage.
The river rat barely misses you.
A rat comes into view.
You shoot an arrow. The arrow barely misses the river rat.
The river rat bites you. The river rat closely misses you.
The river rat bites you.
The river rat bites you but does no damage.
You shoot an arrow. The arrow closely misses the river rat.
You hear the brisk rusting of a drain nearby.
The river rat bites you! x2
You shoot an arrow. The arrow barely misses the river rat.
The river rat bites you. The river rat barely misses you.
You furiously retaliate!
You headbutt the river rat. You shoot an arrow. The arrow hits the river rat.
You kill the river rat!
The river rat bites you.
You shoot an arrow.
The arrow hits the river rat but does no damage.
The river rat bites you but does no damage.
A worm comes into view.
You shoot an arrow. The arrow closely misses the river rat.
The river rat bites you. The rat bites you but does no damage.
The river rat closely misses you.
You shoot an arrow.
The arrow hits the river rat but does no damage.
The rat barely misses you. The river rat bites you.
You shoot an arrow.
The arrow hits the river rat but does no damage.
The rat closely misses you. The river rat bites you!
You die...

#......#.............
####.####.##.>#.##.#.
#.# #...#..#.##...
###.# #...####.##...
#.<.###8_8# #.###.#
#.....##### #.....<
#.##### #####.#
#.#### #.. #..@r# #..
#.##r# #######.. #.#
w# ......... #.. .%
#.######. ### ... ##
.... ..... ....~~


You could see a worm, a river rat and a rat.

Vanquished Creatures
  Terence (D:2)
  An iguana (D:3)
  2 adders
  A river rat (D:3)
  A worm (D:1)
  3 dart slugs
  An orc (D:3)
  2 endoplasms (D:2)
  2 giant cockroaches (D:3)
  4 goblins
  2 hobgoblins (D:1)
  5 kobolds
  4 quokkas
  4 ball pythons
  4 bats
  A frilled lizard (D:3)
  8 rats
46 creatures vanquished.

Notes
Turn   | Place    | Note
-------+----------+-------------------------------------------
     0 | D:1      | qw the Minotaur Hunter began the quest for the Orb.
     0 | D:1      | Reached XP level 1. HP: 18/18 MP: 0/0
     0 | D:1      | 0 ||| qw: Version: 0.2-a-119-g0488c42
     0 | D:1      | 0 ||| qw: Game counter: 2703
     0 | D:1      | 0 ||| qw: Always use a shield: true
     0 | D:1      | 0 ||| qw: God list: Okawaru
     0 | D:1      | 0 ||| qw: Allow faded altars: false
     0 | D:1      | 0 ||| qw: Do Orc after D:15 true
     0 | D:1      | 0 ||| qw: Do second Lair branch before Depths: true
     0 | D:1      | 0 ||| qw: Lair rune preference: random
     0 | D:1      | 0 ||| qw: Plans: Normal
     0 | D:1      | 0 ||| PLANNING D:1-11
    78 | D:1      | Reached XP level 2. HP: 24/25 MP: 1/1
   144 | D:1      | Reached skill level 5 in Ranged Weapons
   155 | D:1      | Found a faded altar of an unknown god.
   436 | D:1      | 436 ||| READING scroll labelled OMUSIE JERGHI.
   437 | D:1      | 437 ||| DROPPING scroll of butterflies.
   493 | D:2      | 493 ||| STAIRDANCE
   499 | D:1      | Reached skill level 3 in Fighting
   538 | D:2      | 538 ||| STAIRDANCE
   606 | D:2      | Reached XP level 3. HP: 31/31 MP: 2/2
   727 | D:2      | Identified the +5 mace of Spring {drain, Dex+4}
   807 | D:2      | Noticed Terence
   813 | D:2      | Killed Terence
   814 | D:2      | Reached XP level 4. HP: 38/38 MP: 3/3
   886 | D:2      | Reached skill level 6 in Ranged Weapons
   975 | D:2      | Found a runed translucent door.
   976 | D:2      | Noticed Crazy Yiuf
  1152 | D:2      | 1152 ||| UPGRADING to +0 ring mail.
  1162 | D:2      | 1162 ||| DROPPING +0 leather armour.
  1163 | D:2      | 1163 ||| READING scroll labelled JUNTAI VAOFUUFF.
  1164 | D:2      | 1164 ||| READING scroll labelled WUATRUOMED.
  1225 | D:2      | 1225 ||| READING scroll labelled OLOSUAREUK.
  1226 | D:2      | 1226 ||| DRINKING 2 fuming yellow potions.
  1227 | D:2      | 1227 ||| DROPPING potion of enlightenment.
  1271 | D:3      | 1271 ||| PLANNING SEWER
  1309 | D:3      | Identified the +2 leather armour of Hide-and-Seek {Fly
                  | Regen+ MP-9 SInv}
  1338 | D:3      | Reached skill level 1 in Armour
  1421 | D:3      | Identified the +2 robe of the Locust {rPois Regen+}
  1556 | D:3      | Found an opulent altar of Gozag.
  1666 | D:3      | HP: 8/39 [river rat (5)]
  1670 | D:3      | HP: 3/40 [river rat (1)]
  1671 | D:3      | Slain by a river rat

Levels and vault maps discovered:
D:1:      minmay_arrival_plants_in_alcoves, layout_basic,
          shapermc_ecumenical_altar_mp_ritualfount
D:2:      layout_rooms, uniq_terence, uniq_crazy_yiuf_cottage
D:3:      layout_loops_cross, mainiacjoe_overflow_catwalk,
          grunt_gozag_breadcrumbs, lightli_sewer_entry_pipes

Skill      XL: |  1  2  3  4 |
---------------+-------------+-----
Ranged Weapons | 5 6 |  6.0
Fighting       | 3 |  3.8
Armour         | 1 |  1.8
Dodging        | |  2.1
Stealth        | |  0.7

Action                     |  1- 3 |  4- 6 || total
---------------------------+-------+-------++-------
   Fire: Shortbow          |    90 |    58 ||   148
    Use: Scroll            |     1 |     3 ||     4
         Potion            |       |     1 ||     1
 Armour: Leather armour    |     7 |       ||     7
         Ring mail         |       |    13 ||    13
  Dodge: Dodged            |    24 |    20 ||    44

Table legend:
 A = Non-vault XP
 B = Vault XP
 C = Vault XP percentage of total XP
 D = Non-vault monster count
 E = Vault monster count
 F = Vault count percentage of total count
                 A         B        C        D         E       F
            +---------+---------+-------+---------+---------+-------
      Total |     137 |      49 |  26.3 |      44 |       2 |   4.3
            +---------+---------+-------+---------+---------+-------
        D:1 |      34 |       0 |   0.0 |      16 |       0 |   0.0
        D:2 |      38 |      36 |  48.6 |      17 |       1 |   5.6
        D:3 |      65 |      13 |  16.7 |      11 |       1 |   8.3
            +---------+---------+-------+---------+---------+-------
